 Dungeon Crawl Stone Soup version 0.31.0-32-g396128a36d (webtiles) character file.

Game seed: 12418088092690288506

235 sking99 the Gusty (level 6, 0/44 HPs)
             Began as a Gnoll Air Elementalist on Mar 11, 2024.
             Engulfed by a cloud of poison gas (9 damage)
             ... on level 3 of the Dungeon.
             The game lasted 00:06:21 (3979 turns).

sking99 the Gusty (Gnoll Air Elementalist)          Turns: 3979, Time: 00:06:22

Health: 0/44       AC:  3    Str:  9    XL:     6   Next: 6%
Magic:  14/14      EV: 13    Int: 15    God:
Gold:   214        SH:  0    Dex: 12    Spells: 5/15 levels left

rFire   . . .        h - +0 whip
rCold   . . .        (no shield)
rNeg    . . .        a - +0 robe
rPois   .            (no helmet)
rElec   .            i - +0 cloak
rCorr   .            (no gloves)
SInv    .            (no boots)
Will    .....        (no amulet)
Stlth   +++          (no ring)
HPRegen 0.27/turn    (no ring)
MPRegen 0.14/turn

%: no passive effects
@: lethally poisoned (0 -> -19)
A: fangs 1, strong nose, distributed training
a: no special abilities


You were on level 3 of the Dungeon.
You visited 1 branch of the dungeon, and saw 4 of its levels.

You collected 214 gold pieces.

Inventory:

Hand Weapons
 h - a +0 whip (weapon)
Armour
 a - a +0 robe (worn)
 i - a +0 cloak (worn)
 r - a +0 helmet
Wands
 m - a wand of paralysis (20)
Scrolls
 d - a scroll of identify
 e - 2 scrolls of teleportation {unknown}
 g - a scroll of blinking
 l - a scroll of immolation {unknown}
 p - a scroll of enchant weapon {unknown}
 q - a scroll of fear {unknown}
Potions
 b - a potion of magic
 c - 2 potions of mutation
 f - 2 potions of curing {unknown}
 j - 2 potions of heal wounds {unknown}
 n - a potion of might {unknown}
 o - a potion of berserk rage {unknown}


   Skills:
 + Level 1.8 Fighting
 + Level 1.8 Short Blades
 + Level 1.8 Long Blades
 + Level 1.8 Axes
 + Level 1.8 Maces & Flails
 + Level 1.8 Polearms
 + Level 1.8 Staves
 + Level 1.8 Ranged Weapons
 + Level 1.8 Throwing
 + Level 1.8 Armour
 + Level 4.9 Dodging
 + Level 4.5 Stealth
 + Level 1.8 Shields
 + Level 1.8 Unarmed Combat
 + Level 5.3 Spellcasting
 + Level 2.6 Conjurations
 + Level 1.4 Hexes
 + Level 1.4 Summonings
 + Level 1.4 Necromancy
 + Level 1.4 Translocations
 + Level 1.4 Fire Magic
 + Level 1.4 Ice Magic
 + Level 5.6 Air Magic
 + Level 1.4 Earth Magic
 + Level 1.4 Alchemy
 + Level 2.0 Invocations
 + Level 1.8 Evocations
 + Level 1.6 Shapeshifting


You had 5 spell levels left.
You knew the following spells:

 Your Spells              Type           Power      Damage    Failure   Level
a - Shock                 Conj/Air       64%        1d7       3%          1
b - Static Discharge      Conj/Air       32%        3-5/arc   4%          2
c - Swiftness             Air            20%        N/A       4%          3
d - Airstrike             Air            10%        2d(2-18)  16%         4

Your spell library contained the following spells:

 Spells                   Type           Power      Damage    Failure   Level


Dungeon Overview and Level Annotations

Branches:
Dungeon (4/15)
 Temple: D:4-7

Altars:

Annotations:
D:4 Dowan


Innate Abilities, Weirdness & Mutations

You have very sharp teeth.
Your uncanny sense of smell can sniff out nearby items.
Your experience applies equally to all skills.


Message History

There is a stone staircase leading down here.
This spell is quite dangerous to cast!
You start memorising the spell.
You continue memorising. x4
You finish memorising.
Spell assigned to 'd'.
You climb downwards.
Level annotation: Dowan The bullfrog hits you!
The orc hits you with a +0 dagger. The black bear bites you.
The black bear completely misses you. The black bear claws you.
The bullfrog hits you. The black bear barely misses you.
The black bear claws you. The black bear barely misses you.
The orc hits you but does no damage.
There is a stone staircase leading up, spattered with blood here.
The bullfrog hits you. The black bear barely misses you.
The black bear claws you.
The black bear claws you but does no damage.
The orc hits you with a +0 dagger.
* * * LOW HITPOINT WARNING * * *
The bullfrog barely misses you.
You climb upwards.
There is a stone staircase leading down here.
The air fills with toxic fumes!
As you read the scroll labelled SOHOLIGIEPN, it crumbles to dust.
It was a scroll of poison.
The bullfrog barely misses you. The orc hits you but does no damage.
The black bear misses you. The black bear barely misses you.
The black bear closely misses you.
As you read the scroll labelled MEKHEE TEUMP, it crumbles to dust.
It is a scroll of identify.
c - 2 potions of mutation The bullfrog swells and bulges.
The bullfrog barely misses you. The orc hits you with a +0 dagger.
* * * LOW HITPOINT WARNING * * *
The black bear misses you.
The black bear claws you but does no damage.
The black bear barely misses you. The bullfrog barely misses you.
Blink to where?
Press: ? - help, Dir - move target
As you read the scroll labelled HOINOJOBOY, it crumbles to dust.
It was a scroll of blinking.
You are engulfed in poison gas.
You are lethally poisoned!
You die...

#####.#.#.#.####.##.####
#.......#........##....##
#.###.###.#.#######..#..#
######.# #.###+#.# #.###.#
#......# #...§§§)# #..#..#
##.###### ###§§§§.## ##...##
#.§§#§######§§§§§..## ##.#.##
..§§§§§§o##§§§§§§...####....#
..§§§§§§§§F§§§§§@...'....[..#
..§§§§§#h##§§§§§§...####....#
#.§§§.§§§###§§§§§..## ##.#.#
#.##.##### ##§§§§.## ##..#
#[##### ##§§§## #...# #.#.~.#
##§## ##.## #...~.####### #.#
#.# ###.≈.......# #.#######
#.#
##≈##..##.###.#.....####.#


You could see a bullfrog.

Vanquished Creatures
  An orc priest (D:3)
  Natasha (twice) (D:2 D:1)
  An orc wizard (D:3)
  Robin (D:2)
  4 adders
  3 ribbon worms
  2 dart slugs
  An orc (D:3)
  3 bats
  4 endoplasms
  2 giant cockroaches (D:1)
  13 goblins
  4 hobgoblins
  4 jackals (D:1)
  7 kobolds
  3 quokkas
  5 ball pythons
  5 frilled lizards
  6 rats
71 creatures vanquished.

Notes
Turn   | Place    | Note
-------+----------+-------------------------------------------
     0 | D:1      | sking99 the Gnoll Air Elementalist began the quest for the
                  | Orb.
     0 | D:1      | Reached XP level 1. HP: 13/13 MP: 6/6
   225 | D:1      | Reached XP level 2. HP: 19/19 MP: 5/7
   892 | D:1      | Reached skill level 5 in Spellcasting
   892 | D:1      | Reached XP level 3. HP: 25/25 MP: 6/9
   895 | D:1      | Learned a level 2 spell: Static Discharge
   899 | D:1      | Learned a level 3 spell: Swiftness
  1219 | D:2      | Noticed Natasha
  1230 | D:2      | Killed Natasha
  1231 | D:2      | Reached skill level 1 in Fighting
  1231 | D:2      | Reached skill level 1 in Short Blades
  1231 | D:2      | Reached skill level 1 in Long Blades
  1231 | D:2      | Reached skill level 1 in Axes
  1231 | D:2      | Reached skill level 1 in Maces & Flails
  1231 | D:2      | Reached skill level 1 in Polearms
  1231 | D:2      | Reached skill level 1 in Staves
  1231 | D:2      | Reached skill level 1 in Ranged Weapons
  1231 | D:2      | Reached skill level 1 in Throwing
  1231 | D:2      | Reached skill level 1 in Armour
  1231 | D:2      | Reached skill level 1 in Shields
  1231 | D:2      | Reached skill level 1 in Unarmed Combat
  1231 | D:2      | Reached skill level 1 in Invocations
  1231 | D:2      | Reached skill level 1 in Evocations
  1321 | D:2      | Noticed Natasha
  1343 | D:1      | Killed Natasha
  1344 | D:1      | Reached skill level 1 in Hexes
  1344 | D:1      | Reached skill level 1 in Summonings
  1344 | D:1      | Reached skill level 1 in Necromancy
  1344 | D:1      | Reached skill level 1 in Translocations
  1344 | D:1      | Reached skill level 1 in Fire Magic
  1344 | D:1      | Reached skill level 1 in Ice Magic
  1344 | D:1      | Reached skill level 1 in Earth Magic
  1344 | D:1      | Reached skill level 1 in Alchemy
  1344 | D:1      | Reached skill level 1 in Shapeshifting
  1344 | D:1      | Reached XP level 4. HP: 5/32 MP: 7/11
  1741 | D:2      | Noticed Robin
  1847 | D:2      | Killed Robin
  1848 | D:2      | Reached XP level 5. HP: 29/37 MP: 7/12
  3088 | D:3      | Reached XP level 6. HP: 44/44 MP: 8/13
  3214 | D:3      | Found a faded altar of an unknown god.
  3873 | D:4      | Noticed Dowan
  3965 | D:4      | Noticed a black bear
  3973 | D:3      | Learned a level 4 spell: Airstrike
  3979 | D:3      | Engulfed by a cloud of poison gas

Illustrated notes

Levels and vault maps discovered:
D:1:      minmay_arrival_stone_box, layout_basic, chequers_garden
D:2:      layout_basic, uniq_robin, uniq_natasha
D:3:      layout_loops_corners, nicolae_overflow_ecumenical_swirl,
          serial_rivers, chequers_serial_rivers_small_b,
          chequers_serial_rivers_micro_b, chequers_serial_rivers_micro_d,
          chequers_serial_rivers_micro_a, chequers_serial_rivers_small_b,
          chequers_serial_rivers_large_b
D:4:      layout_gridville, uniq_ijyb, uniq_duvessa, uniq_blork_the_orc

Skill      XL: |  1  2  3  4  5 |
---------------+----------------+-----
Conjurations   | 2 |  2.6
Spellcasting   | 5 |  5.3
Fighting       | 1 |  1.8
Short Blades   | 1 |  1.8
Long Blades    | 1 |  1.8
Axes           | 1 |  1.8
Maces & Flails | 1 |  1.8
Polearms       | 1 |  1.8
Staves         | 1 |  1.8
Ranged Weapons | 1 |  1.8
Throwing       | 1 |  1.8
Armour         | 1 |  1.8
Shields        | 1 |  1.8
Unarmed Combat | 1 |  1.8
Invocations    | 1 2 |  2.0
Evocations     | 1 |  1.8
Hexes          | 1 |  1.4
Summonings     | 1 |  1.4
Necromancy     | 1 |  1.4
Translocations | 1 |  1.4
Fire Magic     | 1 |  1.4
Ice Magic      | 1 |  1.4
Earth Magic    | 1 |  1.4
Alchemy        | 1 |  1.4
Shapeshifting  | 1 |  1.6
Dodging        | |  4.9
Stealth        | |  4.5
Air Magic      | |  5.6

Action                     |  1- 3 |  4- 6 || total
---------------------------+-------+-------++-------
  Melee: Whip              |     4 |       ||     4
         Unarmed           |     1 |       ||     1
         Bite              |     1 |       ||     1
   Cast: Shock             |    53 |    99 ||   152
         Static Discharge  |     1 |     6 ||     7
    Use: Scroll            |       |     3 ||     3
 Armour: Robe              |    19 |    32 ||    51
  Dodge: Dodged            |    25 |    25 ||    50
